 Dungeon Crawl Stone Soup version 0.31.0-11-ge490571c62 (webtiles) character file.

Game seed: 6597770256940566811

35 SmokeWeed the Sneak (level 3, -4/24 HPs)
             Began as an Octopode Brigand on Feb 2, 2024.
             Slain by an orc
             ... wielding a +0 trident
              (7 damage)
             ... on level 3 of the Dungeon.
             The game lasted 00:03:17 (628 turns).

SmokeWeed the Sneak (Octopode Brigand)               Turns: 628, Time: 00:03:17

Health: -4/24      AC:  1    Str: 10    XL:     3   Next: 35%
Magic:  3/3        EV: 12    Int: 13    God:
Gold:   54         SH:  0    Dex: 15    Spells: 2/2 levels left

rFire   . . .        a - +2 dagger
rCold   . . .        (no shield)
rNeg    + . .        (helmet restricted)
rPois   .            (no amulet)
rElec   .            e - ring of positive energy
rCorr   .            (no ring)
SInv    .            (no ring)
Will    .....        (no ring)
Stlth   ++++         (no ring)
HPRegen 0.24/turn    (no ring)
MPRegen 0.08/turn    (no ring)
                     (no ring)

%: no passive effects
@: no status effects
A: almost no armour, amphibious, 8 rings, camouflage 1, gelatinous body 1,
(nimble swimmer 1), tentacles
a: no special abilities


You were on level 3 of the Dungeon.
You visited 1 branch of the dungeon, and saw 3 of its levels.

You collected 54 gold pieces.

Inventory:

Hand Weapons
 a - a +2 dagger (weapon)
 l - a +0 long sword
Missiles
 b - 9 poisoned darts (quivered)
 c - 3 curare-tipped darts
Jewellery
 e - a ring of positive energy (left tentacle)
Scrolls
 f - 2 scrolls of identify {unknown}
 i - a scroll of enchant weapon {unknown}
Potions
 d - a potion of curing {unknown}
 g - 2 potions of cancellation {unknown}
 h - a potion of brilliance {unknown}
 j - 2 potions of might {unknown}
 k - a potion of lignification {unknown}


   Skills:
 + Level 2.0 Fighting
 + Level 2.3 Short Blades
 + Level 2.0 Throwing
 + Level 1.0 Dodging
 + Level 6.5 Stealth
 * Level 0.4 Spellcasting


You had 2 spell levels left.
You didn't know any spells.
Your spell library contained the following spells:

 Spells                   Type           Power      Damage    Failure   Level
 Tukima's Dance           Hex            0%         N/A       65%         3
 Dimensional Bullseye     Hex/Tloc       0%         N/A       96%         4
 Iskenderun's Mystic Bla  Conj/Tloc      0%         2d3       96%         4


Dungeon Overview and Level Annotations

Branches:
Dungeon (3/15)

Altars:


Innate Abilities, Weirdness & Mutations

You cannot wear most types of armour.
You are amphibious.
You can wear up to eight rings at the same time.
Your skin changes colour to match your surroundings (Stealth+).
Your rubbery body absorbs attacks. (AC +1, EV +1)
((You are camouflaged when in or above water. (Stealth+)))
You have tentacles for arms and can constrict up to eight enemies at once.


Message History

An orc comes into view. It is wielding a +0 club.
The orc shouts!
You see here a bat corpse.
An orc wizard comes into view. It is wielding a +0 dagger.
The orc hits you but does no damage.
You closely miss the orc.
The orc wizard shouts!
Your grab misses the orc. You squeeze the orc.
The orc is severely wounded.
The orc hits you with a +0 club.
You hit the orc but do no damage. You grab the orc.
The orc is severely wounded.
You constrict the orc. You hit the orc.
You kill the orc!
The orc wizard points at you and mumbles some strange words.
The magic dart hits you! The orc closely misses you.
Things that are here:
a +0 club; a +0 leather armour; an orc corpse You hit the orc but do no damage.
You grab the orc.
You constrict the orc, but do no damage.
The orc closely misses you.
The orc wizard mumbles some strange words.
The orc wizard flickers and vanishes!
Deactivating autopickup; reactivate with Ctrl-A.
You hit the orc.
The orc is moderately wounded.
You constrict the orc. The orc hits you with a +0 trident.
You hit the orc.
The orc is severely wounded.
You constrict the orc.
You hear some strange, mumbled words.
A magic dart appears from out of thin air!
The magic dart hits you. The orc hits you with a +0 trident.
You barely miss something.
You constrict the orc, but do no damage.
Something hits you.
* * * LOW HITPOINT WARNING * * *
The orc hits you with a +0 trident!
You die...

... #. #. ..# .#
....#. #.# .. ..#
..#.# #.# .#...#
....
#.#########.....#
. #..
#.#.............#
.. #.##
#.#.#.....#######
#. #..#
#.#...##.## #.
##.####{.†####...
###.###....o@..#
##.[..
#..............#
.....
#.............##
##8##
#....)..#>...##
## #.....).#....#
#..............
#.......####.###
#.......# #.#
#.......# #.#


You could see an orc.

Vanquished Creatures
  3 dart slugs (D:1)
  An orc (D:3)
  3 bats
  2 endoplasms
  3 goblins
  A hobgoblin (D:1)
  4 kobolds
  A quokka (D:1)
  5 ball pythons (D:1)
  2 frilled lizards (D:1)
  2 rats (D:1)
27 creatures vanquished.

Notes
Turn   | Place    | Note
-------+----------+-------------------------------------------
     0 | D:1      | SmokeWeed the Octopode Brigand began the quest for the Orb.
     0 | D:1      | Reached XP level 1. HP: 14/14 MP: 1/1
   123 | D:1      | Reached XP level 2. HP: 19/19 MP: 2/2
   209 | D:1      | Reached skill level 6 in Stealth
   435 | D:1      | Reached XP level 3. HP: 24/24 MP: 3/3
   561 | D:2      | You fall into a shaft and drop 1 floor!
   628 | D:3      | Slain by an orc

Illustrated notes

Levels and vault maps discovered:
D:1:      matt_arrival_grand_opening, layout_loops_ring,
          hangedman_abyss_or_decor_stabs, wander_ebering_terrifying_dragon_lair
D:2:      wander_river, layout_loops_cross,
          shapermc_ecumenical_altar_starsandcircs, uniq_natasha
D:3:      layout_rooms, corexii_hall_statues_x

Skill      XL: |  1  2 |
---------------+-------+-----
Stealth        | 6 |  6.5
Fighting       | |  2.0
Short Blades   | |  2.3
Throwing       | |  2.0
Dodging        | |  1.0
Spellcasting   | |  0.4

Action                     || total
---------------------------++-------
  Melee: Dagger            ||    39
         Constrict         ||    12
         Tentacles         ||     9
   Stab: Sleeping          ||    12
 Armour: Skin              ||    16
  Dodge: Dodged            ||    12
